 Dungeon Crawl Stone Soup version 0.32-a0-711-g016ad743e0 (webtiles) character file.

Game seed: 16115405727897934797

54 MackTheKnife the Digger (level 3, -6/25 (26) HPs)
             Began as a Mountain Dwarf Wanderer on Mar 15, 2024.
             Mangled by Crazy Yiuf
             ... wielding a +2 quarterstaff of chaos
              (8 damage)
             ... on level 2 of the Dungeon.
             The game lasted 00:01:50 (1334 turns).

MackTheKnife the Digger (Mountain Dwarf Wanderer)   Turns: 1334, Time: 00:01:51

HP:   -6/25 (26)    AC:  4    Str: 15    XL:     3   Next: 66%
MP:   0/4           EV: 10    Int: 14    God:
Gold: 77            SH:  0    Dex:  8    Spells: 3/4 levels left

rFire   . . .        a - +2 quarterstaff {staff}
rCold   . . .        (shield currently unavailable)
rNeg    . . .        e - +0 leather armour
rPois   .            q - +0 helmet
rElec   .            (no cloak)
rCorr   .            (no gloves)
SInv    +            (no boots)
Will    .....        (no amulet)
Stlth   +            n - ring of see invisible
HPRegen 0.24/turn    (no ring)
MPRegen 0.09/turn

%: no passive effects
@: lethally poisoned (-6 -> -9), very slightly contaminated, lightly drained
A: runic magic, artefact enchanting
a: no special abilities


You were on level 2 of the Dungeon.
You visited 1 branch of the dungeon, and saw 2 of its levels.

You collected 77 gold pieces.


Innate Abilities, Weirdness & Mutations

Your spellcasting is much less encumbered by armour.
You can use scrolls of enchantment on lesser artefacts.


   Skills:
 - Level 3.2 Staves
 - Level 3.2 Throwing
 - Level 1.0 Spellcasting
 + Level 4.0 Earth Magic
 - Level 1.2 Invocations


You had 3 spell levels left.
You knew the following spells:

 Your Spells              Type           Power      Damage    Failure   Level
a - Sandblast             Erth           24%        2d8       5%          1

Your spell library contained the following spells:

 Spells                   Type           Power      Damage    Failure   Level
 Passwall                 Erth           12%        N/A       16%         3
 Cigotuvi's Dreadful Rot  Necr/Alch/Air  0%         N/A       38%         2
 Inner Flame              Hex/Fire       0%         N/A       63%         3
 Ignite Poison            Fire/Alch      0%         N/A       95%         4
 Freezing Cloud           Conj/Ice/Air   0%         6-21      100%        5
 Irradiate                Conj/Alch      0%         3d11      100%        5
 Ignition                 Fire           0%         3d3       100%        8

Inventory:

Hand Weapons
 a - a +2 quarterstaff (weapon) {staff}
 c - a +0 dagger {short}
Missiles
 b - 9 boomerangs {throwing}
Armour
 e - a +0 leather armour (worn)
 q - a +0 helmet (worn)
   (You took it off Robin on level 2 of the Dungeon)
Jewellery
 n - a ring of see invisible (left hand)
   (You found it on level 1 of the Dungeon)
Scrolls
 f - 3 scrolls of identify {unknown}
 i - a scroll of amnesia {unknown}
 j - a scroll of poison {unknown}
 m - a scroll of enchant armour {unknown}
 p - a scroll of brand weapon {unknown}
Potions
 d - 2 potions of heal wounds {@q2}
 g - a potion of experience {unknown}
 h - 2 potions of curing {unknown}
 k - a potion of mutation {unknown}
 l - 2 potions of might {unknown}
 o - a potion of cancellation {unknown}

Dungeon Overview and Level Annotations

Branches:
Dungeon (2/15) Zot: 10643

Altars:
Dithmenos

Annotations:
D:2 Crazy Yiuf

#.#.# ###.###
#.#.# #.# #.#.#
#.# #.#.# ###
#.#.# #...##♣♣♣♣♣
#.....P.♣.♣♣♣ ###
##.....P.♣..♣#...#
#....P.♣♣♣♣@g...#
##...P♣♣ ♣♣#..)#
####♣♣ ###


You could see Crazy Yiuf.


Message History

Your hp is fully restored (26).
A ball python is nearby!
You hit the ball python. The ball python bites you.
The ball python misses you. 😕 HP[-3]
You take 3 damage, and now have 23/26 hp.
You barely miss the ball python.
The ball python bites you but does no damage.
The ball python closely misses you.
You hit the ball python.
You kill the ball python!
Your Earth Magic skill increases to level 4!
Key pressed, stopping explore.
Key pressed, stopping explore.
An endoplasm comes into view.
The endoplasm quivers. 😎 HP[+3]
Your hp is fully restored (26).
The blast of sand hits the endoplasm!
You kill the endoplasm! 😎 MP[-1]
You lost 1 mp, and now have 3/4 mp.
No target in view!
No target in view!
No target in view!
No target in view!
No target in view!
No target in view!
No target in view!
No target in view!
You see here a +0 short sword {short}.
Key pressed, stopping explore.
Key pressed, stopping explore.
Key pressed, stopping explore.
Found a runed translucent door. 😎 MP[+1]
Your mp is fully restored (4).
Crazy Yiuf says, "Key action hog!"
Key pressed, stopping explore.
Unknown command.
Press: ? - help, v - describe, . - travel
Here: Crazy Yiuf, wielding a +2 quarterstaff of chaos and wearing a +2 cloak of stealth (fire blocked by a runed translucent door)
The floor.
Unknown command.
You aren't carrying any items that you can evoke.
Unknown command.
Okay, then.
You open the door.
Casting: Sandblast (safe; 5% risk of failure)
Confirm with . or Enter, or press ? or * to list all spells.
Aiming: Sandblast (safe; 5% risk of failure)
Press: ? - help, Shift-Dir - straight line, f - Crazy Yiuf
Aim: Crazy Yiuf, wielding a +2 quarterstaff of chaos and wearing a +2 cloak of stealth (84% to hit)
The blast of sand hits Crazy Yiuf.
Crazy Yiuf closely misses you.
Crazy Yiuf completely misses you. 😎 MP[-1]
You lost 1 mp, and now have 3/4 mp.
Casting: Sandblast (safe; 5% risk of failure)
Confirm with . or Enter, or press ? or * to list all spells.
Aiming: Sandblast (safe; 5% risk of failure)
Press: ? - help, Shift-Dir - straight line, f/p - Crazy Yiuf
Aim: Crazy Yiuf, wielding a +2 quarterstaff of chaos and wearing a +2 cloak of stealth (moderately wounded, 84% to hit)
You miscast Sandblast.
You are very lightly contaminated with residual magic.
Nothing appears to happen.
Crazy Yiuf hits you with a +2 quarterstaff of chaos!
You are poisoned. 😮 HP[-7] MP[-1]
You take 7 damage, and now have 19/26 hp.
MASSIVE DAMAGE!! (PAUSE)
You lost 1 mp, and now have 2/4 mp.
Unknown command.
Casting: Sandblast (safe; 5% risk of failure)
Confirm with . or Enter, or press ? or * to list all spells.
Aiming: Sandblast (safe; 5% risk of failure)
Press: ? - help, Shift-Dir - straight line, f/p - Crazy Yiuf
Aim: Crazy Yiuf, wielding a +2 quarterstaff of chaos and wearing a +2 cloak of stealth (moderately wounded, 84% to hit)
The blast of sand hits Crazy Yiuf.
You feel very sick.
Crazy Yiuf hits you with a +2 quarterstaff of chaos.
* * * LOW HITPOINT WARNING * * *
You feel drained. 😨 HP[-7] MP[-1]
You now have 25 max hp (-1).
You take 7 damage, and now have 12/25 hp.
MASSIVE DAMAGE!! (PAUSE)
You lost 1 mp, and now have 1/4 mp.
Unknown command.
Casting: Sandblast (safe; 5% risk of failure)
Confirm with . or Enter, or press ? or * to list all spells.
Aiming: Sandblast (safe; 5% risk of failure)
Press: ? - help, Shift-Dir - straight line, f/p - Crazy Yiuf
Aim: Crazy Yiuf, wielding a +2 quarterstaff of chaos and wearing a +2 cloak of stealth (heavily wounded, 84% to hit)
The blast of sand hits Crazy Yiuf.
You feel sick.
Crazy Yiuf hits you with a +2 quarterstaff of chaos.
* * * LOW HITPOINT WARNING * * *
Crazy Yiuf freezes you.
* * * LOW HITPOINT WARNING * * *
Crazy Yiuf says, "Cake action pontify!"
Crazy Yiuf hits you with a +2 quarterstaff of chaos!
You die...

Skill      XL: |  1  2  3 |
---------------+----------+-----
Earth Magic    | 2 3 4 |  4.0
Staves         | |  3.2
Throwing       | |  3.2
Spellcasting   | |  1.0
Invocations    | |  1.2

Action                     || total
---------------------------++-------
  Melee: Quarterstaff      ||    48
   Cast: Sandblast         ||    31
 Armour: Leather armour    ||    57
  Dodge: Dodged            ||    36

Levels and vault maps discovered:
D:1:      psy_arrival_heroes, layout_basic, basic_ecumenical_altar
D:2:      layout_loops_ring, basic_altar, minmay_pentomino_z2,
          uniq_crazy_yiuf_cottage, uniq_jessica, uniq_robin

Notes
Turn   | Place    | Note
-------+----------+-------------------------------------------
     0 | D:1      | MackTheKnife the Mountain Dwarf Wanderer began the quest
                  | for the Orb.
     0 | D:1      | MackTheKnife set off with the following items: a +2
                  | quarterstaff {staff}, 9 boomerangs {throwing}, a +0 dagger
                  | {short}, a potion of heal wounds {@q2}, a +0 leather
                  | armour; and the following spell memorised: Sandblast; and
                  | the following spells available to memorise: Passwall.
     0 | D:1      | Reached XP level 1. HP: 14/14 MP: 2/2
     0 | D:1      | magus.rc [v1.9.6]
     4 | D:1      | You add the spells Cigotuvi's Dreadful Rot, Ignite Poison
                  | and Freezing Cloud to your library.
   180 | D:1      | Reached skill level 2 in Earth Magic
   264 | D:1      | Reached XP level 2. HP: 14/20 MP: 0/3
   311 | D:1      | Found a faded altar of an unknown god.
   657 | D:1      | You pick up a book of Spontaneous Combustion and begin
                  | reading...
   657 | D:1      | You add the spells Inner Flame, Irradiate and Ignition to
                  | your library.
   737 | D:2      | Reached skill level 3 in Earth Magic
   937 | D:2      | Noticed Robin
   942 | D:2      | Reached XP level 3. HP: 25/26 MP: 0/4
   950 | D:2      | Killed Robin
  1041 | D:2      | Found a shadowy altar of Dithmenos.
  1161 | D:2      | Reached skill level 4 in Earth Magic
  1280 | D:2      | Found a runed translucent door.
  1281 | D:2      | Noticed Crazy Yiuf
  1334 | D:2      | HP: 5/25 [Crazy Yiuf/+2 quarterstaff of chaos (6)]
  1334 | D:2      | HP: 2/25 [Crazy Yiuf/+2 quarterstaff of chaos (3)]
  1334 | D:2      | Mangled by Crazy Yiuf

Vanquished Creatures
  Robin (D:2)
  2 dart slugs (D:1)
  A ribbon worm (D:2)
  An endoplasm (D:2)
  5 goblins (D:2)
  5 hobgoblins
  4 jackals (D:2)
  5 ball pythons
  5 bats
  A frilled lizard (D:2)
  5 kobolds
  A rat (D:1)
36 creatures vanquished.

Table legend:
 A = Non-vault XP
 B = Vault XP
 C = Vault XP percentage of total XP
 D = Non-vault monster count
 E = Vault monster count
 F = Vault count percentage of total count
                 A         B        C        D         E       F
            +---------+---------+-------+---------+---------+-------
      Total |      51 |      27 |  34.6 |      29 |       7 |  19.4
            +---------+---------+-------+---------+---------+-------
        D:1 |      28 |       0 |   0.0 |      16 |       0 |   0.0
        D:2 |      23 |      27 |  54.0 |      13 |       7 |  35.0
            +---------+---------+-------+---------+---------+-------

Skill      XL: |  1  2  3 |
---------------+----------+-----
Earth Magic    | 2 3 4 |  4.0
Staves         | |  3.2
Throwing       | |  3.2
Spellcasting   | |  1.0
Invocations    | |  1.2

Action                     || total
---------------------------++-------
  Melee: Quarterstaff      ||    48
   Cast: Sandblast         ||    31
 Armour: Leather armour    ||    57
  Dodge: Dodged            ||    36

Illustrated notes

Table legend:
 A = Kills in this place as a percentage of kills in the entire game.
 B = Kills by you in this place as a percentage of kills by you in the entire game.
 C = Kills by friends in this place as a percentage of kills by friends in the entire game.
 D = Other kills in this place as a percentage of other kills in the entire game.
 E = Experience gained in this place as a percentage of experience gained in the entire game.
 F = Experience gained in this place divided by the number of levels of this place that you have seen.
                   A       B       C       D       E      F
               +-------+-------+-------+-------+-------+----------------------
         Total | 100.0 | 100.0 |   N/A |   N/A | 100.0 |  39.0
       Dungeon | 100.0 | 100.0 |   N/A |   N/A | 100.0 |  39.0
               +-------+-------+-------+-------+-------+----------------------

Table legend: (Time is in decaauts)
 A = Elapsed time spent in this place.
 B = Non-inter-level travel time spent in this place.
 C = Inter-level travel time spent in this place.
 D = Time resting spent in this place.
 E = Time spent auto-exploring this place.
 F = Levels seen in this place.
 G = Mean time per level.
                   A        B        C        D        E       F      G
               +--------+--------+--------+--------+--------+-----+--------+
         Total |   1355 |   1324 |     31 |     56 |   1016 |   2 |  677.5 |
       Dungeon |   1355 |   1324 |     31 |     56 |   1016 |   2 |  677.5 |
               +--------+--------+--------+--------+--------+-----+--------+

Top non-repeatable levels by time:
     D:1: 714 daAuts
     D:2: 640 daAuts
